 Dungeon Crawl Stone Soup version 0.29.0-13-gc9e81de378 (webtiles) character file.

Game seed: 11248153198743528217

896 groovy9 the Cutter (level 7, -1/67 HPs)
             Began as a Troll Berserker on Sept 7, 2022.
             Was a Priest of Trog.
             Slain by a yak (16 damage)
             ... on level 4 of the Dungeon.
             The game lasted 00:11:59 (2739 turns).

groovy9 the Cutter (Troll Berserker)                Turns: 2739, Time: 00:12:00

Health: -1/67      AC:  5    Str: 28    XL:     7   Next: 78%
Magic:  6/6        EV: 11    Int:  7    God:    Trog [***...]
Gold:   198        SH:  0    Dex: 17    Spells: 6/6 levels left

rFire   . . .      SeeInvis +   i - +9 dagger of Defenestration {flame, rC- rN+ SInv}
rCold   x . .      Faith    .   (no shield)
rNeg    + + .      Spirit   .   c - +1 robe of the Cartwright {Int+4 Dex+2}
rPois   .          Reflect  .   (helmet restricted)
rElec   .          Harm     .   (no cloak)
rCorr   .          Rampage  .   (gloves unavailable)
Will    .....                   (boots unavailable)
Stlth   ++........              s - amulet of magic regeneration
HPRegen 1.01/turn               g - +6 ring of dexterity
MPRegen 0.50/turn               u - ring of positive energy

@: on berserk cooldown, slowed, very slow
A: large, unfitting armour, claws 3, regeneration 1, shaggy fur 1, tough skin 1
a: Renounce Religion, Berserk, Trog's Hand


You were on level 4 of the Dungeon.
You worshipped Trog.
Trog was most pleased with you.
You visited 1 branch of the dungeon, and saw 5 of its levels.

You collected 198 gold pieces.

Inventory:

Hand Weapons
 i - the +9 dagger of Defenestration (weapon) {flame, rC- rN+ SInv}
   (You took it off a goblin on level 3 of the Dungeon)

   It burns those it strikes, dealing additional fire damage.
   rC:        It makes you vulnerable to cold.
   rN:        It protects you from negative energy.
   SInv:      It lets you see invisible.
Missiles
 h - 2 poisoned darts (quivered)
Armour
 a - a +0 animal skin
 c - the +1 robe of the Cartwright (worn) {Int+4 Dex+2}
   (You found it on level 2 of the Dungeon)

   Int:       It affects your intelligence (+4).
   Dex:       It affects your dexterity (+2).
Jewellery
 g - a +6 ring of dexterity (left claw)
 s - an amulet of magic regeneration (around neck)
 u - a ring of positive energy (right claw)
Wands
 j - a wand of mindburst (19)
 o - a wand of iceblast (5)
Scrolls
 m - a scroll of fog
 q - a scroll of enchant weapon
 t - a scroll of amnesia {unknown}
Potions
 b - a potion of cancellation
 d - a potion of invisibility
 e - 2 potions of brilliance
 f - 2 potions of might
 l - a potion of magic {unknown}
 n - a potion of berserk rage
 p - 3 potions of curing
 r - a potion of lignification {unknown}
 v - a potion of flight {unknown}


   Skills:
 - Level 3.2 Fighting
 * Level 6.3 Short Blades
 - Level 3.2 Dodging
 - Level 3.9 Unarmed Combat


You had 6 spell levels left.
You didn't know any spells.
Your spell library was empty.

Dungeon Overview and Level Annotations

Branches:
Dungeon (5/15)
 Temple: D:4-7

Altars:
Nemelex Xobeh
Okawaru
Trog
Uskayaw
Xom
Zin


Innate Abilities, Weirdness & Mutations

You are too large for most types of armour.
You have claws for hands.
Your natural rate of healing is unusually fast.
You are covered in fur. (AC +1)
You have tough skin. (AC +1)


Message History

You kill the yak!
Trog accepts your kill. The hound bites you but does no damage.
The hound bites you but does no damage.
You see here a yak corpse.
You puncture the yak! You burn the yak.
The yak is heavily wounded.
The hound bites you.
* * * LOW HITPOINT WARNING * * *
The yak gores you.
* * * LOW HITPOINT WARNING * * *
You puncture the yak! You burn the yak.
The yak is severely wounded.
You puncture the yak! You burn the yak.
You kill the yak!
Trog accepts your kill. The hound barely misses you.
Your Short Blades skill increases to level 6!
You closely miss the hound. The hound misses you.
You puncture the hound! You burn the hound.
You kill the hound!
Trog accepts your kill. The yak barely misses you. The yak closely misses you.
You see here a yak corpse.
You feel a strong urge to attack something.
You are no longer berserk.
You are exhausted.
You feel yourself slow down.
You feel much better. The yak gores you!
You hit the yak. You burn the yak.
The yak is lightly wounded.
The yak barely misses you.
You hit the yak. You burn the yak.
The yak is lightly wounded.
You puncture the yak! You burn the yak.
The yak is moderately wounded.
The yak gores you!
* * * LOW HITPOINT WARNING * * *
The yak gores you!
You die...

#..#.#####.#.# ##.....##.###.#.#
#..#.......#.# ##...###.# #.#.#
##.#.#...#.#.### ##'## #.# #.#.#
#.#.#._.#.#...#####.# #.# #...#
#.#.#...#.#.#.......# #.# ##..#
#.#.......#.#.####..####.# #..#
#.#.#####.#.#.........##.####..#
#.......†...#.###.....##.......#
####...######.#@Y>............##
###.........Y##..#.#########
########.####.##.# #......##.#
#..<......# ###########


You could see 2 yaks.

Vanquished Creatures
  The ghost of Daunt the Cudgeller, an amateur GrGl (D:4)
  2 yaks (D:4)
  Blork the orc (D:4)
  A necrophage (D:4)
  3 hounds (D:4)
  An iguana (D:4)
  An orc wizard (D:4)
  A gnoll (D:3)
  6 adders
  A shadow imp (D:4)
  3 worms
  6 orcs
  4 ball pythons
  8 endoplasms
  A giant cockroach (D:4)
  4 hobgoblins
  3 jackals (D:1)
  6 kobolds
  5 quokkas
  4 bats
  10 frilled lizards
  9 goblins
  6 rats
87 creatures vanquished.

Notes
Turn   | Place    | Note
-------+----------+-------------------------------------------
     0 | D:1      | groovy9 the Troll Berserker began the quest for the Orb.
     0 | D:1      | Reached XP level 1. HP: 22/22 MP: 0/0
    91 | D:1      | Reached XP level 2. HP: 29/29 MP: 1/1
   435 | D:1      | Found a faded altar of an unknown god.
   837 | D:2      | Identified the +1 robe of the Cartwright {Int+4 Dex+2}
   886 | D:2      | Reached ** piety under Trog
   887 | D:2      | Reached XP level 3. HP: 36/36 MP: 2/2
  1208 | D:3      | Reached XP level 4. HP: 45/45 MP: 3/3
  1315 | D:3      | Identified the +9 dagger of Defenestration {flame, rC- rN+
                  | SInv}
  1349 | D:3      | Found a shimmering altar of Xom.
  1475 | D:3      | Found a sparkling altar of Nemelex Xobeh.
  1520 | D:3      | Found an iron altar of Okawaru.
  1521 | D:3      | Found a bloodstained altar of Trog.
  1587 | D:3      | Reached skill level 1 in Short Blades
  1616 | D:3      | Found a glowing silver altar of Zin.
  1666 | D:4      | Reached XP level 5. HP: 53/53 MP: 4/4
  1702 | D:4      | Found a runed translucent door.
  1702 | D:4      | Noticed Daunt's ghost (amateur GrGl)
  1719 | D:4      | Killed Daunt's ghost
  1720 | D:4      | Reached skill level 3 in Short Blades
  1720 | D:4      | Reached XP level 6. HP: 45/61 MP: 5/5
  1786 | D:4      | Noticed Blork the orc
  1797 | D:4      | Killed Blork the orc
  1798 | D:4      | Reached skill level 4 in Short Blades
  2233 | D:4      | Found a hide-covered altar of Uskayaw.
  2288 | D:4      | Reached *** piety under Trog
  2594 | D:4      | Reached skill level 5 in Short Blades
  2594 | D:4      | Reached XP level 7. HP: 67/67 MP: 6/6
  2714 | D:5      | Entered Level 5 of the Dungeon
  2714 | D:5      | Noticed a yak
  2714 | D:5      | Noticed a yak
  2714 | D:5      | Noticed a yak
  2714 | D:5      | Noticed a yak
  2714 | D:5      | Noticed a yak
  2725 | D:4      | HP: 5/100 [yak (11)]
  2726 | D:4      | Killed a yak
  2730 | D:4      | Killed a yak
  2731 | D:4      | Reached skill level 6 in Short Blades
  2739 | D:4      | Slain by a yak

Illustrated notes

Levels and vault maps discovered:
D:1:      spicycebolla_arrival_xxxplode, layout_loops_corners,
          hellmonk_ecumenical_altar_pennies_from_heaven, minmay_lizard_pond
D:2:      layout_basic
D:3:      layout_rooms, nemelex_dance_club_becter, mainiacjoe_overflow_24_doors,
          grunt_temple_overflow_bloody_war, zin_statuary,
          kennysheep_generic_room_3
D:4:      layout_loops_corners, mainiacjoe_overflow_cross_hatched,
          gammafunk_ghost_grave, minmay_misc_feat_x, uniq_blork_the_orc
D:5:      minmay_general_purpose_star, layout_gridville,
          mainiacjoe_overflow_six_doors_small, serial_undead, serial_undead_e,
          serial_undead_e, serial_undead_b, serial_undead_d, uniq_grinder,
          uniq_sigmund, uniq_eustachio

Skill      XL: |  1  2  3  4  5  6  7 |
---------------+----------------------+-----
Fighting       | 3 |  3.2
Dodging        | 3 |  3.2
Short Blades   | 1 3 5 6 |  6.3
Unarmed Combat | |  3.9

Action                   |  1- 3 |  4- 6 |  7- 9 || total
-------------------------+-------+-------+-------++-------
Melee: Unarmed           |   101 |    13 |       ||   114
       Punch             |     2 |     4 |       ||     6
       Dagger            |       |    74 |    13 ||    87
Invok: Berserk           |       |     3 |     1 ||     4
  Use: Scroll            |     9 |       |     1 ||    10
       Potion            |     3 |       |     1 ||     4
 Stab: Sleeping          |       |     4 |       ||     4
       Distracted        |       |     1 |       ||     1
Armor: Animal skin       |    43 |       |       ||    43
       Robe              |    12 |    14 |     7 ||    33
Dodge: Dodged            |    48 |    30 |    13 ||    91
